 Dungeon Crawl Stone Soup version 0.31-a0-1042-ga9834b3 (webtiles) character file.

Game seed: 13033922315163215409

128 Geeful the Changeling (level 5, 0/34 HPs)
             Began as an Octopode Shapeshifter on Nov 19, 2023.
             Slain by an orc
             ... wielding a +0 club
              (3 damage)
             ... on level 4 of the Dungeon.
             The game lasted 00:04:52 (2343 turns).

Geeful the Changeling (Octopode Shapeshifter)       Turns: 2343, Time: 00:04:53

Health: 0/34       AC:  1    Str: 16    XL:     5   Next: 12%
Magic:  5/5        EV: 13    Int: 18    God:
Gold:   79         SH:  0    Dex: 11    Spells: 4/4 levels left

rFire   + .          .
                       - Unarmed
rCold   . . .        (no shield)
rNeg    . . .        (helmet currently unavailable)
rPois   +            (no amulet)
rElec   .            l - +6 ring of intelligence
rCorr   +            n - ring of resist corrosion
SInv    .            o - ring of poison resistance
Will    .....        q - ring of protection from fire
Stlth   ++           (no ring)
HPRegen 0.25/turn    (no ring)
MPRegen 0.09/turn    (no ring)
                     (no ring)

%: no passive effects
@: beast-form
A: beast (slay +2), almost no armour, amphibious, 8 rings, camouflage 1,
gelatinous body 1, (nimble swimmer 1), tentacles
a: Begin Untransformation


You were on level 4 of the Dungeon.
You were a hulking beast.
You visited 1 branch of the dungeon, and saw 4 of its levels.

You collected 105 gold pieces.
You spent 26 gold pieces at shops.

Inventory:

Missiles
 h - 6 poisoned darts (quivered)
Jewellery
 d - a ring of fire
 l - a +6 ring of intelligence (left tentacle)
 n - a ring of resist corrosion (right tentacle)
 o - a ring of poison resistance (on tentacle)
 q - a ring of protection from fire (on tentacle)
Talismans
 b - a beast talisman
 c - a flux talisman
Wands
 k - a wand of polymorph (6)
Scrolls
 e - 2 scrolls of poison
 f - a scroll of vulnerability {unknown}
Potions
 a - a potion of resistance {unknown}
 i - 2 potions of attraction
 m - a potion of curing {unknown}
 r - a potion of lignification
 s - 2 potions of heal wounds


   Skills:
 + Level 2.2 Fighting
 + Level 2.9 Dodging
 + Level 3.6 Unarmed Combat
 * Level 4.0 Shapeshifting


You had 4 spell levels left.
You didn't know any spells.
Your spell library was empty.

Dungeon Overview and Level Annotations

Branches:
Dungeon (4/15)
 Temple: D:4-7

Altars:

Shops:
D:2 [   D:3 *


Innate Abilities, Weirdness & Mutations

You are a hulking beast.
Your limbs bulge with bestial killing power. (Slay +2)
You cannot wear most types of armour.
You are amphibious.
You can wear up to eight rings at the same time.
Your skin changes colour to match your surroundings (Stealth+).
Your rubbery body absorbs attacks. (AC +1, EV +1)
((You are camouflaged when in or above water. (Stealth+)))
You have tentacles for arms and can constrict up to eight enemies at once.


Message History

You feel less confused. The orc closely misses you.
The orc wizard closely misses you.
You tentacle-slap the orc wizard. You grab the orc wizard.
You squeeze the orc wizard!
The orc wizard is severely wounded.
You constrict the orc wizard. The orc misses you.
The orc hits you with a +0 club.
The orc wizard mumbles some strange words.
The orc wizard flickers and vanishes!
Deactivating autopickup; reactivate with Ctrl-A.
You barely miss something. You constrict something.
The orc completely misses you. The orc closely misses you. Something hits you.
You tentacle-slap something but do no damage.
You constrict something. The orc completely misses you.
You hear some strange, mumbled words.
A puff of flame appears from out of thin air!
The puff of flame hits you. You resist.
* * * LOW HITPOINT WARNING * * *
The orc hits you with a +0 club.
* * * LOW HITPOINT WARNING * * *
You closely miss the orc. You grab the orc.
You squeeze the orc, but do no damage.
You constrict the orc, but do no damage.
You constrict something.
Reactivating autopickup.
You feel a bit more experienced. The orc barely misses you.
The orc hits you with a +0 club.
* * * LOW HITPOINT WARNING * * *
Your Shapeshifting skill increases to level 4!
You have reached level 5!
You feel stronger.
You tentacle-slap the orc but do no damage.
You grab the orc. You squeeze the orc, but do no damage. You constrict the orc.
You constrict the orc, but do no damage.
The orc hits you with a +0 dagger.
* * * LOW HITPOINT WARNING * * *
You barely miss the orc.
You constrict the orc, but do no damage. x2
The orc hits you with a +0 club.
You die...

#.##..........
##.#.......... #
#.............# #.
..............#
##.##......##.#..#
#................##
#.)#...........
#o)#...<.......
#oh............
#..#.#.#####...
##.#.#.# # #.#.#.#
#.#.#.# #.#....
#.#.... #.#.#...
......


You could see 2 orcs.

Vanquished Creatures
  Terence (D:2)
  An orc wizard (D:4)
  2 adders (D:2)
  A worm (D:2)
  A dart slug (D:1)
  7 endoplasms
  4 giant cockroaches
  2 goblins
  9 hobgoblins
  6 jackals (D:2)
  4 ball pythons
  2 bats
  5 kobolds (D:2)
  6 rats
51 creatures vanquished.

Notes
Turn   | Place    | Note
-------+----------+-------------------------------------------
     0 | D:1      | Geeful the Octopode Shapeshifter began the quest for the
                  | Orb.
     0 | D:1      | Reached XP level 1. HP: 13/13 MP: 1/1
   175 | D:1      | Reached XP level 2. HP: 18/18 MP: 2/2
   489 | D:2      | Noticed Terence
   494 | D:2      | Reached XP level 3. HP: 18/23 MP: 3/3
   501 | D:2      | Killed Terence
   697 | D:2      | Reached XP level 4. HP: 29/29 MP: 4/4
   904 | D:2      | Found a faded altar of an unknown god.
  1289 | D:2      | Found Noacroi's Antique Armour Shop.
  2007 | D:3      | Found Acsasch's General Store.
  2011 | D:3      | Bought a scroll of identify for 26 gold pieces
  2342 | D:4      | Reached skill level 4 in Shapeshifting
  2342 | D:4      | Reached XP level 5. HP: 5/34 MP: 5/5
  2343 | D:4      | Slain by an orc

Illustrated notes

Levels and vault maps discovered:
D:1:      dpeg_arrival_triangle_fractal, layout_rooms, serial_glass,
          glass_columns_b, glass_columns_a, glass_columns_a, glass_columns_c,
          glass_columns_a
D:2:      layout_basic, serial_shops, nicolae_shop_competitors_out_of_business,
          hellmonk_ecumenical_altar_arch_garden, minmay_heptomino_h4,
          uniq_terence
D:3:      layout_basic, serial_shops, shop, minmay_crystal_water,
          hangedman_decor_opposing
D:4:      layout_basic, grunt_tough_drop

Skill      XL: |  1  2  3  4 |
---------------+-------------+-----
Fighting       | 2 |  2.2
Shapeshifting  | 4 |  4.0
Dodging        | |  2.9
Unarmed Combat | |  3.6

Action                     |  1- 3 |  4- 6 || total
---------------------------+-------+-------++-------
  Melee: Unarmed           |    43 |    66 ||   109
         Constrict         |     7 |    11 ||    18
         Tentacles         |     8 |    13 ||    21
         Punch             |     1 |       ||     1
    Use: Potion            |     1 |       ||     1
         Scroll            |       |     8 ||     8
   Stab: Sleeping          |     2 |     4 ||     6
         Distracted        |       |     1 ||     1
 Armour: Skin              |    17 |    33 ||    50
  Dodge: Dodged            |    20 |    38 ||    58

Table legend: (Time is in decaauts)
 A = Elapsed time spent in this place.
 B = Non-inter-level travel time spent in this place.
 C = Inter-level travel time spent in this place.
 D = Time resting spent in this place.
 E = Time spent auto-exploring this place.
 F = Levels seen in this place.
 G = Mean time per level.
                   A        B        C        D        E       F      G
               +--------+--------+--------+--------+--------+-----+--------+
         Total |   2334 |   2266 |     68 |    123 |   1803 |   4 |  583.5 |
       Dungeon |   2334 |   2266 |     68 |    123 |   1803 |   4 |  583.5 |
               +--------+--------+--------+--------+--------+-----+--------+

Top non-repeatable levels by time:
     D:2: 1061 daAuts
     D:3: 761 daAuts
     D:1: 486 daAuts
     D:4: 24 daAuts
